 Dungeon Crawl Stone Soup version 0.28.0-43-g3370ac3207 (webtiles) character file.

Game seed: 14590561225716602395

107 jimonade the Poker (level 4, 0/38 HPs)
             Began as a Gnoll Wanderer on Mar 19, 2022.
             Splashed by a jelly's acid (6 damage)
             ... on level 2 of the Dungeon.
             The game lasted 00:05:10 (2142 turns).

jimonade the Poker (Gnoll Wanderer)                 Turns: 2142, Time: 00:05:11

Health: 0/38       AC:  2    Str: 13    XL:     4   Next: 85%
Magic:  8/8        EV:  6    Int:  8    God:
Gold:   80         SH:  0    Dex: 15    Spells: 9/9 levels left

rFire   . . .      SeeInvis .   i - +2 short sword (venom)
rCold   . . .      Faith    .   (no shield)
rNeg    . . .      Spirit   .   j - +0 chain mail
rPois   .          Reflect  .   q - +2 helmet
rElec   .          Harm     .   (no cloak)
rCorr   .          Rampage  .   l - +0 pair of gloves
Will    .....                   (no boots)
Stlth   ..........              (no amulet)
HPRegen 0.12/turn               (no ring)
MPRegen 0.11/turn               (no ring)

@: corroded
A: fangs 1, strong nose, distributed training
a: no special abilities


You were on level 2 of the Dungeon.
You visited 1 branch of the dungeon, and saw 2 of its levels.

You collected 80 gold pieces.

Inventory:

Hand Weapons
 a - a +2 spear
 b - a +0 hunting sling
 e - a +0 whip
 i - a +2 short sword of venom (weapon)
 u - a +0 dagger of speed
 v - a +1 whip of flaming
Missiles
 c - 20 sling bullets
 k - 29 bolts
 p - 7 poisoned darts (quivered)
 s - a boomerang
 t - 12 stones
 w - 2 atropa-tipped darts
Armour
 d - a +0 scale mail
 h - a +0 leather armour
 j - a +0 chain mail (worn)
 l - a +0 pair of gloves (worn)
 q - a +2 helmet (worn)
Scrolls
 f - a scroll of teleportation {unknown}
 m - 3 scrolls of identify {unknown}
Potions
 g - a potion of curing {unknown}
 n - a potion of haste {unknown}
 o - a potion of heal wounds {unknown}
 r - a potion of berserk rage {unknown}


   Skills:
 + Level 4.7 Fighting
 + Level 1.2 Short Blades
 + Level 1.2 Long Blades
 + Level 1.2 Axes
 + Level 1.2 Maces & Flails
 + Level 6.6 Polearms
 + Level 1.2 Staves
 + Level 2.8 Slings
 + Level 1.2 Bows
 + Level 1.2 Crossbows
 + Level 1.2 Throwing
 + Level 4.7 Armour
 + Level 1.2 Dodging
 + Level 2.6 Stealth
 + Level 1.2 Shields
 + Level 1.2 Unarmed Combat
 + Level 3.0 Spellcasting
 + Level 1.0 Conjurations
 + Level 1.0 Hexes
 + Level 1.0 Summonings
 + Level 1.0 Necromancy
 + Level 1.0 Translocations
 + Level 1.0 Transmutations
 + Level 1.0 Fire Magic
 + Level 1.0 Ice Magic
 + Level 1.0 Air Magic
 + Level 1.0 Earth Magic
 + Level 1.0 Poison Magic
 + Level 1.4 Invocations
 + Level 1.2 Evocations


You had 9 spell levels left.
You didn't know any spells.
Your spell library was empty.

Dungeon Overview and Level Annotations

Branches:
Dungeon (2/15)

Altars:
Cheibriados


Innate Abilities, Weirdness & Mutations

You have very sharp teeth.
Your uncanny sense of smell can sniff out nearby items.
Your experience applies equally to all skills.


Message History

The kobold throws a stone.
The stone hits you but does no damage. The kobold hits you but does no damage.
You closely miss the kobold. The kobold barely misses you.
You closely miss the kobold. You bite the kobold, but do no damage.
The kobold hits you but does no damage.
You hit the kobold.
You kill the kobold!
t - 12 stones (gained 3)
You see here a +0 dagger.
You open the door. 2 jellies and 8 endoplasms come into view.
Found a hobgoblin skeleton, a goblin skeleton and 18 gold pieces.
The endoplasm quivers. x2; The jelly quivers.
The endoplasm quivers.
The jelly quivers.
The endoplasm quivers. x2; The endoplasm jiggles.
There is an open door here.
There is an open door here.
Something hits the fungus.
The fungus begins to die.
You see here a +0 dagger.
You hit the jelly. The acid corrodes you!
Your hands burn!
You bite the jelly, but do no damage.
The jelly is moderately wounded.
The jelly hits you but does no damage.
You hit the jelly but do no damage. The acid corrodes you!
Your hands burn!
You bite the jelly, but do no damage.
The jelly is moderately wounded.
The jelly hits you but does no damage.
You hit the jelly.
The jelly is poisoned.
Your hands burn!
You bite the jelly, but do no damage.
The jelly is moderately wounded.
The jelly hits you. The acid corrodes you!
You are splashed with acid!
You hit the jelly but do no damage.
Your hands burn!
The jelly is heavily wounded.
The jelly hits you.
* * * LOW HITPOINT WARNING * * *
You are splashed with acid.
* * * LOW HITPOINT WARNING * * *
The jelly hits you.
* * * LOW HITPOINT WARNING * * *
You are splashed with acid.
You die...

....##.#####
##.....###.........
.....#.....##
#.......##.........
...#.#......#
#.......##.........
...#........#
#.......##.........
...#........#
#.......##.........
...#........#
####....###.##.....
...#...##...###..'....#
#........
#.##...##...##.########
#.##.....
.......########.@J.JJ##
#.##..... .......###
#######J###.##.....
.........#
÷..JJJ...##........
.....#...#
.....J.J.##........
.....#...#
....J.JP.##......##
.....#...#
.P..JP.P.##........
..##.#...#
÷P.......##.####...
..##.....#
$........##.# #...
..##..##.#
###########.# #...


You could see a jelly (very poisoned) and 3 endoplasms.

Vanquished Creatures
  An orc wizard (D:2)
  2 adders (D:2)
  2 worms (D:2)
  4 orcs (D:2)
  7 endoplasms
  A giant cockroach (D:2)
  2 goblins
  4 hobgoblins
  5 jackals
  3 ball pythons
  6 bats
  2 frilled lizards (D:1)
  12 kobolds
  3 rats
54 creatures vanquished.

Vanquished Creatures (others)
  2 fungi (D:2)
  13 toadstools (D:2)
15 creatures vanquished.

Grand Total: 69 creatures vanquished

Notes
Turn   | Place    | Note
-------+----------+-------------------------------------------
     0 | D:1      | jimonade the Gnoll Wanderer began the quest for the Orb.
     0 | D:1      | jimonade set off with the following items: a +2 spear, a +0
                  | hunting sling, 20 sling bullets, a +0 scale mail
     0 | D:1      | Reached XP level 1. HP: 20/20 MP: 4/4
    53 | D:1      | Found a faded altar of an unknown god.
   207 | D:1      | Reached XP level 2. HP: 26/26 MP: 5/5
   942 | D:2      | Found a snail-covered altar of Cheibriados.
  1014 | D:2      | Reached XP level 3. HP: 23/31 MP: 7/7
  1183 | D:2      | Reached skill level 1 in Invocations
  1188 | D:2      | Reached skill level 1 in Short Blades
  1188 | D:2      | Reached skill level 1 in Long Blades
  1188 | D:2      | Reached skill level 1 in Axes
  1188 | D:2      | Reached skill level 1 in Maces & Flails
  1188 | D:2      | Reached skill level 1 in Staves
  1188 | D:2      | Reached skill level 1 in Bows
  1188 | D:2      | Reached skill level 1 in Crossbows
  1188 | D:2      | Reached skill level 1 in Throwing
  1188 | D:2      | Reached skill level 1 in Dodging
  1188 | D:2      | Reached skill level 1 in Shields
  1188 | D:2      | Reached skill level 1 in Unarmed Combat
  1188 | D:2      | Reached skill level 1 in Evocations
  1188 | D:2      | Reached XP level 4. HP: 32/38 MP: 8/8
  1769 | D:2      | Reached skill level 1 in Conjurations
  1769 | D:2      | Reached skill level 1 in Hexes
  1769 | D:2      | Reached skill level 1 in Summonings
  1769 | D:2      | Reached skill level 1 in Necromancy
  1769 | D:2      | Reached skill level 1 in Translocations
  1769 | D:2      | Reached skill level 1 in Transmutations
  1769 | D:2      | Reached skill level 1 in Fire Magic
  1769 | D:2      | Reached skill level 1 in Ice Magic
  1769 | D:2      | Reached skill level 1 in Air Magic
  1769 | D:2      | Reached skill level 1 in Earth Magic
  1769 | D:2      | Reached skill level 1 in Poison Magic
  2142 | D:2      | Splashed by a jelly's acid

Illustrated notes

Levels and vault maps discovered:
D:1:      dpeg_arrival_pits, layout_basic, shapermc_ecumenical_altar_notcrosses,
          corexii_hall_statues_s
D:2:      cheibrodos_fertilizer, layout_basic, basic_altar

Skill      XL: |  1  2  3  4 |
---------------+-------------+-----
Invocations    | 1 |  1.4
Short Blades   | 1 |  1.2
Long Blades    | 1 |  1.2
Axes           | 1 |  1.2
Maces & Flails | 1 |  1.2
Staves         | 1 |  1.2
Bows           | 1 |  1.2
Crossbows      | 1 |  1.2
Throwing       | 1 |  1.2
Dodging        | 1 |  1.2
Shields        | 1 |  1.2
Unarmed Combat | 1 |  1.2
Evocations     | 1 |  1.2
Spellcasting   | 3 |  3.0
Conjurations   | 1 |  1.0
Hexes          | 1 |  1.0
Summonings     | 1 |  1.0
Necromancy     | 1 |  1.0
Translocations | 1 |  1.0
Transmutations | 1 |  1.0
Fire Magic     | 1 |  1.0
Ice Magic      | 1 |  1.0
Air Magic      | 1 |  1.0
Earth Magic    | 1 |  1.0
Poison Magic   | 1 |  1.0
Fighting       | |  4.7
Polearms       | |  6.6
Slings         | |  2.8
Armour         | |  4.7
Stealth        | |  2.6

Action                   |  1- 3 |  4- 6 || total
-------------------------+-------+-------++-------
Melee: Spear             |    20 |       ||    20
       Bite              |     5 |    10 ||    15
       Punch             |     2 |     1 ||     3
       Short sword       |    46 |    78 ||   124
Armor: Scale mail        |    29 |     2 ||    31
       Chain mail        |       |    52 ||    52
Dodge: Dodged            |    20 |    25 ||    45
